 Dungeon Crawl Stone Soup version 0.28-a0-1406-ga8dd43b1d0 (webtiles) character file.

Game seed: 2296048060787798152

5239 Peloso the Carver (level 10, -5/90 HPs)
             Began as a Minotaur Fighter on Jan 6, 2022.
             Slain by a troll (14 damage)
             ... on level 7 of the Dungeon.
             The game lasted 00:15:20 (10940 turns).

Peloso the Carver (Minotaur Fighter)               Turns: 10940, Time: 00:15:21

Health: -5/90      AC: 16    Str: 29    XL:     10   Next: 35%
Magic:  9/9        EV: 10    Int:  5    God:
Gold:   404        SH:  5    Dex: 12    Spells: 9/9 levels left

rFire   . . .      SeeInvis .   a - +0 long sword
rCold   . . .      Faith    .   c - +0 buckler
rNeg    + . .      Spirit   .   w - +2 chain mail {rN+}
rPois   .          Reflect  .   (helmet restricted)
rElec   .          Harm     .   (no cloak)
rCorr   .          Rampage  +   (no gloves)
Will    .....                   A - +1 pair of boots {rampage}
Stlth   ..........              (no amulet)
HPRegen 0.25/turn               u - +6 ring of strength
MPRegen 0.11/turn               (no ring)

@: no status effects
A: horns 2, retaliatory headbutt
a: no special abilities


You were on level 7 of the Dungeon.
You visited 1 branch of the dungeon, and saw 9 of its levels.

You collected 404 gold pieces.

Inventory:

Hand Weapons
 a - a +0 long sword (weapon)
 b - a +0 spear of flaming
Missiles
 z - 3 throwing nets (quivered)
Armour
 c - a +0 buckler (worn)
 v - a +1 scale mail of willpower
 w - a +2 chain mail of positive energy (worn)
 A - a +1 pair of boots of rampaging (worn)
Jewellery
 u - a +6 ring of strength (left hand)
Wands
 t - a wand of charming (7)
Scrolls
 h - a scroll of blinking {unknown}
 k - a scroll of amnesia {unknown}
 o - 2 scrolls of enchant armour {unknown}
 p - a scroll of magic mapping {unknown}
 q - a scroll of vulnerability {unknown}
 x - a scroll of noise
 y - a scroll of teleportation {unknown}
Potions
 d - a potion of might
 e - a potion of curing
 f - a potion of ambrosia
 g - a potion of magic {unknown}
 i - 2 potions of attraction {unknown}
 m - 3 potions of mutation
 n - a potion of haste
 r - a potion of resistance {unknown}
 s - a potion of flight {unknown}


   Skills:
 + Level 8.5 Fighting
 + Level 11.8 Long Blades
 + Level 10.5 Armour
 + Level 3.2 Dodging
 + Level 2.0 Stealth
 + Level 6.3 Shields


You had 9 spell levels left.
You didn't know any spells.
Your spell library contained the following spells:

 Spells                   Type           Power      Damage    Failure   Level
 Corpse Rot               Necr/Air       0%         N/A       99%         2
 Poisonous Vapours        Pois/Air       0%         N/A       99%         2


Dungeon Overview and Level Annotations

Branches:
Dungeon (9/15)
 Temple: D:4-7         Lair: D:8-11         Orc: D:9-12

Altars:
Dithmenos
Fedhas
Gozag
Ru
Vehumet

Shops:
D:3 *   D:5 :   D:7 [

Annotations:
D:6 Maggie


Innate Abilities, Weirdness & Mutations

You have a pair of horns on your head.
You reflexively headbutt those who attack you in melee.


Message History

There is an open door here.
The troll struggles against the net. x2
There is a stone staircase leading up here.
You climb upwards.
Level annotation: Maggie
Found a scroll labelled TIZOIDD KOWN and a glowing orb.
There is a stone staircase leading down here.
You start resting.
An orc comes into view. It is wielding a +0 dagger.
Your +0 spear of flaming stops flaming.
a - a +0 long sword (weapon)
The orc shouts!
A black bear comes into view.
The black bear growls angrily.
You hear an angry growl.
A black bear comes into view.
You climb downwards.
There is a stone staircase leading up here.
You closely miss the troll. The troll bites you!
The troll claws you but does no damage. The troll claws you.
* * * LOW HITPOINT WARNING * * *
You hit the troll but do no damage. You headbutt the troll!
The troll is moderately wounded.
You hit the troll. Your headbutt misses the troll.
The troll is moderately wounded.
You block the troll's attack. The troll barely misses you. The troll claws you!
* * * LOW HITPOINT WARNING * * *
You closely miss the troll. Your headbutt misses the troll.
The troll is moderately wounded.
The troll bites you but does no damage. The troll claws you but does no damage.
The troll claws you.
* * * LOW HITPOINT WARNING * * *
You closely miss the troll.
The troll is moderately wounded.
The troll bites you.
* * * LOW HITPOINT WARNING * * *
The troll closely misses you. The troll claws you but does no damage.
You barely miss the troll.
The troll is moderately wounded.
The troll bites you!
You die...

#........##......##......####
#..##.#..##......##.##...#
#..##.#..##......##.##...#
#..#..#..##...........(###
#..#.##[.####.#####.####
#.............# #.#
#.......####### #.# #
####.##......# #.##### #
#.##.####@# #.#...# #
#.##.####T######.#'#.###
########.)....##........#.#...#
.....#.............#.####[#...###
####...............#.####∩#......
# #...............#.##.'.#...##.
# #.....>...###.....##.'!#...##.
# #.........# #...######T#.#####
#.........# #<..# #.#.##


You could see a troll.

Vanquished Creatures
  Harold (D:8)
  Pikel (D:8)
  Joseph (D:8)
  Sigmund (D:7)
  A wraith (D:9)
  3 yaks (D:8)
  3 steam dragons
  Edmund (D:6)
  A water moccasin (D:6)
  2 ice beasts (D:6)
  2 orc warriors (D:7)
  A black bear (D:4)
  A centaur (D:9)
  An ogre (D:5)
  2 phantoms (D:7)
  A lemure (D:8)
  A gnoll sergeant (D:8)
  10 wights
  10 killer bees (D:7)
  A centaur zombie (D:9)
  8 hounds
  A jelly (D:4)
  2 orc priests
  3 bullfrog skeletons
  Jessica (D:3)
  7 orc wizards
  Natasha (D:3)
  Robin (D:3)
  4 gnolls
  2 adders
  A shadow imp (D:8)
  A white imp (D:5)
  3 ufetubi
  3 worms (D:4)
  15 orcs
  12 ball pythons
  7 endoplasms
  4 giant cockroaches
  9 hobgoblins
  2 jackals (D:2)
  7 quokkas
  2 bats (D:2)
  2 frilled lizards (D:1)
  12 goblins
  5 kobolds
  6 rats
166 creatures vanquished.

Notes
Turn   | Place    | Note
-------+----------+-------------------------------------------
     0 | D:1      | Peloso the Minotaur Fighter began the quest for the Orb.
     0 | D:1      | Reached XP level 1. HP: 19/19 MP: 0/0
   100 | D:1      | You fall into a shaft and drop 1 floor!
   161 | D:2      | Reached XP level 2. HP: 24/27 MP: 1/1
   960 | D:1      | Reached skill level 3 in Long Blades
  1083 | D:1      | Found a blossoming altar of Fedhas.
  1187 | D:1      | Reached XP level 3. HP: 33/33 MP: 2/2
  1636 | D:1      | Found a faded altar of an unknown god.
  1992 | D:3      | Found Luc Ruffery's Assorted Antiques.
  2047 | D:3      | Noticed Jessica
  2058 | D:3      | Reached XP level 4. HP: 18/41 MP: 3/3
  2064 | D:3      | Killed Jessica
  2065 | D:3      | Reached skill level 4 in Long Blades
  2329 | D:3      | Found a radiant altar of Vehumet.
  2460 | D:3      | Noticed Natasha
  2461 | D:3      | Noticed Robin
  2469 | D:3      | Killed Natasha
  2470 | D:3      | Reached XP level 5. HP: 25/47 MP: 4/4
  2477 | D:3      | Reached skill level 1 in Dodging
  2484 | D:3      | Killed Robin
  3105 | D:4      | Reached skill level 5 in Armour
  3231 | D:4      | Found a sacrificial altar of Ru.
  3238 | D:4      | Reached skill level 5 in Long Blades
  3245 | D:4      | Reached XP level 6. HP: 48/53 MP: 5/5
  3567 | D:4      | HP: 1/55 [gnoll (13)]
  3937 | D:4      | Reached skill level 1 in Stealth
  3996 | D:4      | Reached skill level 5 in Fighting
  4355 | D:5      | Entered Level 5 of the Dungeon
  4495 | D:5      | Reached XP level 7. HP: 42/61 MP: 6/6
  4604 | D:5      | Reached skill level 6 in Long Blades
  4620 | D:5      | Found Tyr Inai's Self-Improvement Boutique.
  5127 | D:5      | Identified the +1 spear "Wetykhlump" {protect, rPois rF-
                  | rC+ rN+}
  5374 | D:6      | Noticed Edmund
  5394 | D:6      | Killed Edmund
  5395 | D:6      | Reached skill level 5 in Shields
  5590 | D:6      | Noticed a steam dragon
  5602 | D:6      | Killed a steam dragon
  5603 | D:6      | Reached skill level 7 in Long Blades
  5603 | D:6      | Reached XP level 8. HP: 5/70 MP: 7/7
  5920 | D:6      | Noticed Sigmund
  5945 | D:6      | Noticed Maggie
  5949 | D:7      | Found Wall's Armour Emporium.
  6316 | D:6      | Noticed a troll
  6348 | D:7      | Killed Sigmund
  6349 | D:7      | Reached skill level 8 in Long Blades
  6745 | D:7      | HP: 2/71 [killer bee (3)]
  7299 | D:7      | Reached XP level 9. HP: 72/79 MP: 8/8
  7319 | D:7      | Reached skill level 9 in Long Blades
  8288 | D:7      | Found an opulent altar of Gozag.
  8493 | D:8      | Noticed Pikel
  8520 | D:8      | Killed Pikel
  8521 | D:8      | Reached skill level 10 in Long Blades
  8723 | D:8      | Noticed Harold
  8742 | D:8      | Killed Harold
  8743 | D:8      | Reached XP level 10. HP: 27/88 MP: 9/9
  9007 | D:8      | Found a shadowy altar of Dithmenos.
  9081 | D:8      | Reached skill level 11 in Long Blades
  9084 | D:8      | Reached skill level 10 in Armour
  9823 | D:8      | Noticed Joseph
  9835 | D:8      | Killed Joseph
 10073 | D:9      | Noticed a four-headed hydra
 10073 | D:9      | Noticed a tengu warrior
 10073 | D:9      | Noticed a six-headed hydra
 10073 | D:9      | Noticed a five-headed hydra
 10073 | D:9      | Noticed a centaur warrior
 10073 | D:9      | Noticed a cyan ugly thing
 10076 | D:9      | Noticed an eight-headed hydra
 10410 | D:8      | HP: 2/90 [five-headed hydra (10)]
 10940 | D:7      | Slain by a troll

Illustrated notes

Levels and vault maps discovered:
D:1:      matt_arrival_los_fun, layout_basic,
          shapermc_ecumenical_altar_mp_urbaneastern, kennysheep_flooded_box,
          chequers_avenue
D:2:      layout_basic
D:3:      layout_rooms, vehumet_crystals, serial_shops, shop, uniq_jessica,
          uniq_robin, uniq_natasha
D:4:      layout_layer_cave, nicolae_ru_great_annihilating_truth,
          cheibrodos_gnoll_hut
D:5:      layout_rooms, nicolae_shop_self_help
D:6:      layout_cave_pods, kennysheep_ying_yang, trog_ov_bears_minmay,
          nicolae_overflow_squiral, minmay_temple_entry_grid, serial_shops,
          nicolae_take_the_stairs, lightli_minifort, uniq_edmund, uniq_maggie,
          uniq_sigmund
D:7:      layout_loops_cross, marbit_many_paths, serial_shops,
          nicolae_shop_hallway_stairs
D:8:      layout_basic, grunt_dithmenos_smoke_and_mirrors, uniq_harold,
          uniq_joseph, uniq_pikel
D:9:      minmay_the_grid_octo_2x2 [minmay_the_grid_octo_clover_2,
          minmay_the_grid_octo_horde, minmay_the_grid_octo_shrine,
          minmay_the_grid_octo_prize_star], layout_basic, david_orc_4,
          gammafunk_ghost_wrathful_warriors, minmay_chambers_of_fives

Skill      XL: |  1  2  3  4  5  6  7  8  9 10 |
---------------+-------------------------------+-----
Fighting       | 4 5 7 8 |  8.5
Shields        | 4 5 6 |  6.3
Long Blades    | 3 4 5 7 8 10 11 | 11.8
Armour         | 4 5 6 7 9 10 | 10.5
Dodging        | 1 2 3 |  3.2
Stealth        | 1 2 |  2.0

Action                   |  1- 3 |  4- 6 |  7- 9 | 10-12 || total
-------------------------+-------+-------+-------+-------++-------
Melee: Long sword        |   108 |   124 |   291 |    86 ||   609
       Headbutt          |     9 |    20 |    43 |    25 ||    97
       Spear             |       |       |       |    11 ||    11
Throw: Throwing net      |       |       |       |     1 ||     1
  Use: Potion            |     2 |     1 |     1 |     1 ||     5
       Scroll            |       |       |     3 |     2 ||     5
 Stab: Paralysed         |       |     4 |       |       ||     4
Armor: Scale mail        |    56 |    62 |    15 |       ||   133
       Chain mail        |       |       |   138 |    47 ||   185
Dodge: Dodged            |    69 |    65 |    93 |    44 ||   271
Block: Buckler           |    23 |    35 |    76 |    33 ||   167

Table legend: (Time is in decaauts)
 A = Elapsed time spent in this place.
 B = Non-inter-level travel time spent in this place.
 C = Inter-level travel time spent in this place.
 D = Time resting spent in this place.
 E = Time spent auto-exploring this place.
 F = Levels seen in this place.
 G = Mean time per level.
                   A        B        C        D        E       F      G
               +--------+--------+--------+--------+--------+-----+--------+
         Total |  10980 |  10771 |    209 |   1325 |   7766 |   9 | 1220.0 |
       Dungeon |  10980 |  10771 |    209 |   1325 |   7766 |   9 | 1220.0 |
               +--------+--------+--------+--------+--------+-----+--------+

Top non-repeatable levels by time:
     D:7: 3052 daAuts
     D:8: 1741 daAuts
     D:4: 1635 daAuts
     D:3: 1015 daAuts
     D:1: 902 daAuts
     D:6: 894 daAuts
     D:2: 854 daAuts
     D:5: 821 daAuts
     D:9: 61 daAuts
